 Dungeon Crawl Stone Soup version 0.28-a0-528-g4b98be1b05 (webtiles) character file.

Game seed: 9244631056196601365

26 Mirvelgyr the Skirmisher (level 3, -1/35 HPs)
             Began as a Gnoll Wanderer on Sept 24, 2021.
             Slain by Sigmund (8 damage)
             ... on level 2 of the Dungeon.
             The game lasted 00:01:19 (1431 turns).

Mirvelgyr the Skirmisher (Gnoll Wanderer)           Turns: 1431, Time: 00:01:20

Health: -1/35      AC:  8    Str: 12    XL:     3   Next: 8%
Magic:  3/3        EV:  5    Int: 12    God:
Gold:   85         SH:  0    Dex: 10    Spells: 3/3 levels left

rFire   . . .      SeeInvis .   a - +2 dagger
rCold   . . .      Faith    .   (no shield)
rNeg    . . .      Spirit   .   f - +0 chain mail
rPois   .          Reflect  .   (no helmet)
rElec   .          Harm     .   (no cloak)
rCorr   .          Rampage  .   (no gloves)
Will    .....                   (no boots)
Stlth   ..........              (no amulet)
HPRegen 0.11/turn               (no ring)
MPRegen 0.08/turn               (no ring)

@: no status effects
A: fangs 1, strong nose, distributed training
a: no special abilities


You were on level 2 of the Dungeon.
You visited 1 branch of the dungeon, and saw 2 of its levels.

You collected 85 gold pieces.

Inventory:

Hand Weapons
 a - a +2 dagger (weapon)
 c - a +0 quarterstaff
Armour
 f - a +0 chain mail (worn)
Scrolls
 e - a scroll of identify {unknown}
 h - a scroll of amnesia {unknown}
 j - a scroll of holy word {unknown}
 k - a scroll of enchant armour {unknown}
Potions
 b - a potion of haste
 d - a potion of curing
 g - a potion of might {unknown}
 i - a potion of brilliance {unknown}


   Skills:
 + Level 6.5 Fighting
 + Level 0.6 Short Blades
 + Level 2.5 Long Blades
 + Level 0.6 Axes
 + Level 0.6 Maces & Flails
 + Level 0.6 Polearms
 + Level 2.5 Staves
 + Level 0.6 Slings
 + Level 0.6 Bows
 + Level 0.6 Crossbows
 + Level 0.6 Throwing
 + Level 0.6 Armour
 + Level 2.5 Dodging
 + Level 5.9 Stealth
 + Level 2.5 Shields
 + Level 0.6 Unarmed Combat
 + Level 0.6 Spellcasting
 + Level 0.4 Conjurations
 + Level 0.4 Hexes
 + Level 0.4 Summonings
 + Level 0.4 Necromancy
 + Level 0.4 Translocations
 + Level 0.4 Transmutations
 + Level 0.4 Fire Magic
 + Level 0.4 Ice Magic
 + Level 0.4 Air Magic
 + Level 0.4 Earth Magic
 + Level 0.4 Poison Magic
 + Level 0.8 Invocations
 + Level 0.6 Evocations


You had 3 spell levels left.
You didn't know any spells.
Your spell library was empty.

Dungeon Overview and Level Annotations

Branches:
Dungeon (2/15)

Altars:

Annotations:
D:2 Sigmund


Innate Abilities, Weirdness & Mutations

You have very sharp teeth.
Your uncanny sense of smell can sniff out nearby items.
Your experience applies equally to all skills.


Message History

a +0 dagger; 3 stones; a kobold corpse
There is an open door here.
There is an open door here.
There is an open door here.
Sigmund the Dreaded comes into view.
He is wielding a +0 scythe.
Found a stone staircase leading down.
Sigmund shouts!
Sigmund hits you but does no damage.
Sigmund is nearby!
Sorry, you're not good enough to have a special ability.
Okay, then.
You hit Sigmund. Your bite misses Sigmund.
Sigmund is lightly wounded.
Sigmund hits you with a +0 scythe.
You hit Sigmund but do no damage. You bite Sigmund, but do no damage.
Sigmund is lightly wounded.
Sigmund casts a spell at you. The puff of flame hits you.
You hit Sigmund.
Sigmund is lightly wounded.
Sigmund mumbles some strange words.
Sigmund flickers and vanishes!
Deactivating autopickup; reactivate with Ctrl-A.
You hit something. Your bite misses something. Something hits you!
You hit something. You hit something. Something hits you but does no damage.
You barely miss something. You bite something.
You hear some strange, mumbled words.
A puff of flame appears from out of thin air!
The puff of flame hits you!
You barely miss something. You hit something but do no damage.
Something hits you.
* * * LOW HITPOINT WARNING * * *
You hit something. You bite something. Something hits you but does no damage.
You hit something.
Your chain mail prevents you from hitting something.
Something hits you.
* * * LOW HITPOINT WARNING * * *
You hit something but do no damage. Something hits you!
You die...

.# # ####### #.#
..#.....#####.#
#>............##########
#......{................
#:...@#####..####.....
#.............###.....
#####.###.....รท.......
#.# #............. ..#
#............. ####
#####'###)....
#..##..... ##.######+
#####'######.


There were no monsters in sight!

Vanquished Creatures
  A dart slug (D:1)
  2 giant cockroaches (D:1)
  4 goblins (D:1)
  4 jackals (D:1)
  2 quokkas
  4 ball pythons (D:1)
  A bat (D:1)
  A kobold (D:2)
  4 rats
23 creatures vanquished.

Notes
Turn   | Place    | Note
-------+----------+-------------------------------------------
     0 | D:1      | Mirvelgyr the Gnoll Wanderer began the quest for the Orb.
     0 | D:1      | Mirvelgyr set off with the following items: a +2 dagger, a
                  | potion of haste, a +0 quarterstaff, a potion of curing, a
                  | +0 robe
     0 | D:1      | Reached XP level 1. HP: 23/23 MP: 1/1
    57 | D:1      | Reached XP level 2. HP: 17/29 MP: 2/2
   806 | D:1      | Reached XP level 3. HP: 31/35 MP: 3/3
  1113 | D:2      | Found a faded altar of an unknown god.
  1417 | D:2      | Noticed Sigmund
  1431 | D:2      | Slain by Sigmund

Illustrated notes

Levels and vault maps discovered:
D:1:      eino_arrival_water_star, layout_loops_ring, st_stairs_5
D:2:      layout_basic, shapermc_ecumenical_altar_starsandcircs,
          grunt_decor_one_mirror, uniq_sigmund

Action                   || total
-------------------------++-------
Melee: Dagger            ||   102
       Bite              ||     9
 Stab: Sleeping          ||     1
Armor: Robe              ||     7
       Chain mail        ||    34
Dodge: Dodged            ||    32

Table legend: (Time is in decaauts)
 A = Elapsed time spent in this place.
 B = Non-inter-level travel time spent in this place.
 C = Inter-level travel time spent in this place.
 D = Time resting spent in this place.
 E = Time spent auto-exploring this place.
 F = Levels seen in this place.
 G = Mean time per level.
                   A        B        C        D        E       F      G
               +--------+--------+--------+--------+--------+-----+--------+
         Total |   1430 |   1413 |     17 |      0 |   1212 |   2 |  715.0 |
       Dungeon |   1430 |   1413 |     17 |      0 |   1212 |   2 |  715.0 |
               +--------+--------+--------+--------+--------+-----+--------+

Top non-repeatable levels by time:
     D:1: 1010 daAuts
     D:2: 419 daAuts
